 Dungeon Crawl Stone Soup version 0.23.2-1-ga50397a (webtiles) character file.

Game seed: 4714217181337753438

3159 HASTUR3 the Covert (level 9, -6/60 HPs)
             Began as an Octopode Monk on June 2, 2019.
             Was a Priest of Cheibriados.
             Mangled by a two-headed ogre
             ... wielding a +0 giant spiked club
              (15 damage)
             ... on level 8 of the Dungeon.
             The game lasted 00:39:37 (9053 turns).

HASTUR3 the Covert (Octopode Monk)                  Turns: 9053, Time: 00:39:39

Health: -6/60      AC:  1    Str: 19    XL:     9   Next: 94%
Magic:  13/13      EV: 18    Int: 23    God:    Cheibriados [***...]
Gold:   632        SH:  0    Dex: 21    Spells: 8/8 levels left

rFire    . . .     SeeInvis +     - Unarmed
rCold    . . .     Gourm    .   (no shield)
rNeg     + . .     Faith    .   (helmet restricted)
rPois    +         Spirit   .   (no amulet)
rElec    .         Reflect  .   d - ring of see invisible
rCorr    .         Harm     .   k - ring of wizardry
MR       .....                  s - +3 ring of intelligence
Stlth    ++++++....             v - +2 ring of intelligence
HPRegen  0.20/turn              A - ring of poison resistance
MPRegen  0.13/turn              u - ring of positive energy
                                (no ring)
                                (no ring)

@: very slow
A: almost no armour, stealthy swim, amphibious, 8 rings, constrict 8, camouflage
1, gelatinous body 1
a: Bend Time, Temporal Distortion, Renounce Religion


You were on level 8 of the Dungeon.
You worshipped Cheibriados.
Cheibriados was most pleased with you.
You were not hungry.

You visited 2 branches of the dungeon, and saw 9 of its levels.
You also visited: Ossuary.

You collected 632 gold pieces.

Inventory:

Missiles
 F - 26 stones (quivered)
Jewellery
 d - a ring of see invisible (left tentacle)
 k - a ring of wizardry (right tentacle)
 n - an uncursed ring of attention
 s - a +3 ring of intelligence (on tentacle)
 u - a ring of positive energy (on tentacle)
 v - a +2 ring of intelligence (on tentacle)
 A - a ring of poison resistance (on tentacle)
Wands
 c - a wand of paralysis (12)
 t - a wand of digging (2)
 w - a wand of flame (20)
Scrolls
 b - 3 scrolls of remove curse
 g - 2 scrolls of immolation {unknown}
 h - a scroll of magic mapping {unknown}
 i - 2 scrolls of amnesia {unknown}
 l - a scroll of enchant weapon {unknown}
 m - a scroll of noise {unknown}
 o - 3 scrolls of enchant armour {unknown}
 q - a scroll of teleportation
 r - a scroll of fog {unknown}
 x - 4 scrolls of identify
 y - a scroll of fear {unknown}
 D - a scroll of torment {unknown}
Potions
 e - 4 potions of flight
 f - 2 potions of might {unknown}
 j - 3 potions of curing
 p - a potion of haste {unknown}
 z - 2 potions of agility
 B - a potion of heal wounds
 C - a potion of mutation {unknown}
 E - a potion of lignification
Comestibles
 a - 16 rations


   Skills:
 * Level 4.9 Fighting
   Level 3.2 Slings
 - Level 6.3 Dodging
 + Level 11.4 Stealth
 * Level 6.5 Unarmed Combat
 - Level 5.5 Evocations


You had 8 spell levels left.
You didn't know any spells.
Your spell library was empty.

Dungeon Overview and Level Annotations

Branches:
Dungeon (8/15)             Temple (1/1) D:7            Lair (0/6) D:8

Altars:
Ashenzari
Cheibriados
Dithmenos
Elyvilon
Fedhas
Gozag
Hepliaklqana
Kikubaaqudgha
Makhleb
Nemelex Xobeh
Okawaru
Qazlal
Ru
Sif Muna
Trog
Uskayaw
Vehumet
Wu Jian
Xom
Yredelemnul
Zin
The Shining One

Annotations:
D:4 Ogre!


Innate Abilities, Weirdness & Mutations

You cannot wear most types of armour.
You are very stealthy in the water. (Stealth+)
You are amphibious.
You can wear up to eight rings at the same time.
You can use your tentacles to constrict eight enemies at once.
Your skin changes colour to match your surroundings (Stealth+).
Your rubbery body absorbs attacks. (AC +1, EV +1)


Message History

The helpless two-headed ogre fails to defend itself.
You bludgeon the two-headed ogre!
The two-headed ogre is lightly wounded.
You tentacle-slap the two-headed ogre.
The two-headed ogre is moderately wounded.
The two-headed ogre completely misses you.
The two-headed ogre hits you with a +0 giant club!
You tentacle-slap the two-headed ogre. x2
The two-headed ogre is moderately wounded.
The two-headed ogre misses you.
The two-headed ogre hits you with a +0 giant club.
You tentacle-slap the two-headed ogre. You squeeze the two-headed ogre.
The two-headed ogre is heavily wounded.
You tentacle-slap the two-headed ogre. You tentacle-slap the two-headed ogre!
You squeeze the two-headed ogre.
The two-headed ogre is severely wounded.
The two-headed ogre hits you with a +0 giant spiked club!!
* * * LOW HITPOINT WARNING * * *
The two-headed ogre hits you with a +0 giant club!
You die...

#....# #....# #....#
#....# #####....#####
.?...........##
..............
#############....###.##
#....O@...(........#...
#.################.####
#.# # #.# # #.####
#..... ######


You could see a two-headed ogre.

Vanquished Creatures
  A hippogriff (D:6)
  Sigmund (D:5)
  A hungry ghost (D:8)
  A water moccasin (D:7)
  A black bear (D:6)
  An orc warrior (D:6)
  2 sky beasts (D:6)
  5 centaurs
  3 ogres
  A phantom (D:8)
  Blork the orc (D:5)
  4 bullfrogs
  A scorpion (D:7)
  3 killer bees (D:7)
  3 howler monkeys (D:8)
  2 electric eels (D:6)
  5 hounds
  A jelly (D:6)
  An orc priest (D:5)
  2 iguanas (D:6)
  Ijyb (D:5)
  2 orc wizards (D:7)
  A worker ant (D:6)
  A hound zombie (D:6)
  A hound skeleton (D:4)
  8 mummies (Ossuary)
  3 gnolls
  8 adders
  A shadow imp (D:5)
  4 oozes
  An adder zombie (D:6)
  3 adder skeletons
  3 worms
  3 dart slugs
  6 leopard geckos
  24 orcs
  2 ball pythons
  4 bats
  5 giant cockroaches
  4 goblins
  9 hobgoblins
  A quokka (D:3)
  6 frilled lizards
  2 gnoll zombies (Ossuary)
  A hobgoblin zombie (Ossuary)
  9 kobolds
  2 kobold zombies (Ossuary)
  2 leopard gecko skeletons (D:4)
  3 orc zombies (Ossuary)
  5 rats
  2 rat zombies (D:8)
167 creatures vanquished.

Notes
Turn   | Place    | Note
-------+----------+-------------------------------------------
     0 | D:1      | HASTUR3 the Octopode Monk began the quest for the Orb.
     0 | D:1      | Reached XP level 1. HP: 16/16 MP: 1/1
    46 | D:1      | Reached skill level 3 in Stealth
   127 | D:1      | Reached XP level 2. HP: 20/21 MP: 2/2
   157 | D:1      | Reached skill level 4 in Stealth
   344 | D:1      | Reached XP level 3. HP: 23/26 MP: 3/3
   377 | D:1      | Reached skill level 5 in Stealth
  1079 | D:2      | Reached XP level 4. HP: 30/31 MP: 4/4
  1118 | D:1      | Reached skill level 6 in Stealth
  1549 | D:2      | Reached skill level 7 in Stealth
  1788 | D:3      | Reached XP level 5. HP: 36/36 MP: 5/5
  2875 | D:4      | Found a deep blue altar of Sif Muna.
  3220 | D:4      | Noticed an ogre
  3284 | D:5      | Entered Level 5 of the Dungeon
  3335 | D:5      | Reached XP level 6. HP: 21/42 MP: 6/6
  3665 | D:5      | Noticed Sigmund
  3701 | D:5      | Noticed Blork the orc
  3714 | D:5      | Killed Blork the orc
  3714 | D:5      | Reached skill level 1 in Slings
  3778 | D:5      | Noticed Ijyb
  3787 | D:5      | Killed Ijyb
  4100 | D:5      | Killed Sigmund
  4100 | D:5      | Reached XP level 7. HP: 46/46 MP: 6/8
  4118 | D:5      | Reached skill level 8 in Stealth
  4536 | D:4      | Reached skill level 5 in Dodging
  4796 | D:6      | Reached skill level 9 in Stealth
  4796 | D:6      | Reached XP level 8. HP: 39/52 MP: 9/9
  5797 | D:6      | Reached skill level 10 in Stealth
  6421 | D:7      | Noticed a hippogriff
  6443 | D:6      | Reached skill level 11 in Stealth
  6443 | D:6      | Reached skill level 5 in Unarmed Combat
  6443 | D:6      | Reached XP level 9. HP: 18/56 MP: 10/10
  6867 | D:7      | Found a staircase to the Ecumenical Temple.
  7091 | Temple   | Entered the Ecumenical Temple
  7096 | Temple   | Became a worshipper of Cheibriados the Contemplative
  7096 | Temple   | Reached * piety under Cheibriados
  7096 | Temple   | Reached ** piety under Cheibriados
  7323 | D:7      | Reached skill level 5 in Evocations
  8098 | D:8      | Found a staircase to the Lair.
  8155 | D:8      | Found a sand-covered staircase.
  8173 | Ossuary  | Entered an ossuary
  8675 | D:8      | Reached *** piety under Cheibriados
  9042 | D:8      | Noticed a two-headed ogre
  9053 | D:8      | Mangled by a two-headed ogre

Skill      XL: |  1  2  3  4  5  6  7  8  9 |
---------------+----------------------------+-----
Stealth        | 3 4 5 7 9 11 | 11.4
Dodging        | 4 5 6 |  6.3
Slings         | 3 |  3.2
Evocations     | 2 5 |  5.5
Unarmed Combat | 5 6 |  6.5
Fighting       | 4 |  4.9

Action                   |  1- 3 |  4- 6 |  7- 9 || total
-------------------------+-------+-------+-------++-------
Melee: Unarmed           |    60 |   122 |   302 ||   484
       Constrict         |    20 |    41 |    54 ||   115
       Tentacles         |    16 |    29 |    87 ||   132
       Punch             |     3 |     2 |     9 ||    14
 Fire: Hunting sling     |       |       |    24 ||    24
Throw: Stone             |       |       |     5 ||     5
Evoke: Wand              |       |     4 |     9 ||    13
  Use: Scroll            |       |     2 |     7 ||     9
       Potion            |       |       |     8 ||     8
 Stab: Sleeping          |    11 |    15 |    18 ||    44
       Distracted        |       |     1 |       ||     1
       Paralysed         |       |     3 |     5 ||     8
       Invisible         |       |       |     6 ||     6
  Eat: Chunk             |       |    10 |    12 ||    22
       Ration            |       |       |     1 ||     1
Armor: Skin              |     4 |     3 |    25 ||    32
Dodge: Dodged            |    25 |    59 |   196 ||   280
